 Dungeon Crawl Stone Soup version bcrawl-1.21.2-1-g32d02e0829 (webtiles) character file.

Game seed: 12079922741424369591

211 Foic the Caller (level 5, -1/28 HPs)
             Began as an Avariel Summoner on Feb 18, 2020.
             Killed by nerve-wracking pain
             ... invoked by an orc priest
              (10 damage)
             ... on level 4 of the Dungeon.
             The game lasted 00:22:55 (4213 turns).

Foic the Caller (Avariel Summoner)                  Turns: 4213, Time: 00:22:56

Health: -1/28      AC:  4    Str:  6    XL:     5   Next: 88%
Magic:  9/14       EV: 12    Int: 22    God:
Gold:   199        SH:  5    Dex: 13    Spells: 3/13 levels left

rFire    . . .     SeeInvis +   b - +0 blowgun
rCold    . . .     Gourm    .   A - +2 buckler
rNeg     . . .     Faith    .   o - +0 leather armour
rPois    .         Spirit   .   h - +0 helmet
rElec    +         Reflect  .   (no cloak)
rCorr    .         Harm     .   (no gloves)
MR       .....                  (no boots)
Stlth    ++........             (no amulet)
HPRegen  0.09/turn              n - ring of insulation
MPRegen  0.14/turn              x - ring of see invisible

@: no status effects
A: no striking features
a: no special abilities


You were on level 4 of the Dungeon.
You were not hungry.

You visited 1 branch of the dungeon, and saw 4 of its levels.

You collected 199 gold pieces.

Inventory:

Hand Weapons
 a - a +0 dagger
 b - a +0 blowgun (weapon)
Missiles
 f - 839 stones
 i - 2 throwing nets {!f}
 k - 22 poisoned needles (quivered)
 l - 480 arrows
Armour
 h - a +0 helmet (worn)
 o - a +0 leather armour (worn)
 u - a +0 robe
 z - a +3 ring mail
 A - a +2 buckler (worn)
Jewellery
 n - a ring of insulation (left hand)
 x - a ring of see invisible (right hand)
Wands
 y - a wand of iceblast (5)
Scrolls
 c - a scroll of summoning
 d - a scroll of amnesia {unknown}
 r - a scroll of teleportation {unknown}
 s - 4 scrolls of remove curse
 w - a scroll of identify
 B - a scroll of fear {unknown}
Potions
 g - 2 potions of agility
 j - a potion of flight
 m - a potion of heal wounds
 p - 3 potions of cancellation {unknown}
 q - a potion of ambrosia {unknown}
 v - a potion of mutation {unknown}
Comestibles
 e - 8 rations {!d}
 t - 3 chunks of flesh


   Skills:
 + Level 0.2 Fighting
 + Level 0.4 Armour
 * Level 3.6 Dodging
 + Level 2.5 Stealth
 + Level 4.9 Spellcasting
 + Level 6.1 Summonings


You had 3 spell levels left.
You knew the following spells:

 Your Spells              Type           Power        Failure   Level  Hunger
a - Summon Small Mammal   Summ           ####         2%          1    None
b - Call Imp              Summ           ####..       3%          2    None
c - Call Canine Familiar  Summ           ####....     6%          3    ##.....
d - Summon Ice Beast      Ice/Summ       ###.....     58%         4    ####...

Your spell library contained the following spells:

 Spells                   Type           Power        Failure   Level  Hunger
 Summon Lightning Spire   Summ/Air       ###.....     91%         5    #####..


Dungeon Overview and Level Annotations

Branches:
Dungeon (4/12)
 Temple: D:4-7

Altars:
Fedhas
Ru

Shops:
D:4 (


Message History

Attack!
Your hound bites the orc priest.
The orc priest completely misses you. You block the orc's attack.
The orc misses your hound.
Your hound closely misses the orc priest.
Your hound closely misses the orc priest.
Your hound bites the orc priest but does no damage.
You see here a +2 buckler.
Your hound closely misses the orc priest.
Something hits your iron imp but does no damage.
The orc barely misses you.
The orc hits your hound with a cursed -3 war axe.
Your hound bites the orc.
Your hound misses the orc.
The orc hits your hound but does no damage.
Your hound bites the orc.
The orc dies!
The orc priest calls down the wrath of Beogh upon you.
Pain shoots through your body!
The orc priest invokes the aid of Beogh against you.
Pain shoots through your body!
You die...

...##......###...................
#...................##...........
....#....#.##.......##...........
#...#....#.###......##...........
........(..##..#+#..##.....o.5...
##.........##..+∩'.....o#.....##.
###.......##..#'#....[.#......##
##..##..............5.##.....##.
#....###.......@.oh..5...#...#..
###.## ###..........###..##.....
#.# #........#............)# ###
#..####.........#..#..o. #...#
#.........##...#... #..##
#.........##...#### ##.
#..##.....#....# ##
#..##.........## ##.......#.#..#


You could see 2 orc priests, a friendly hound, a friendly iron imp and a
friendly crimson imp.

Vanquished Creatures (collateral kills)
  A crimson imp (D:2)
  2 orc priests (D:4)
  3 orc wizards
  An iguana (D:4)
  3 worker ants
  2 adders (D:3)
  4 worms
  4 dart slugs
  6 leopard geckos
  15 orcs
  A ball python (D:1)
  5 giant cockroaches
  4 goblins
  6 hobgoblins
  2 jackals (D:4)
  4 kobolds
  2 quokkas
  6 bats
  2 frilled lizards
  2 rats
75 creatures vanquished.

Notes
Turn   | Place    | Note
-------+----------+-------------------------------------------
     0 | D:1      | Foic the Avariel Summoner began the quest for the Orb.
     0 | D:1      | Reached XP level 1. HP: 10/10 MP: 6/6
   364 | D:1      | Reached skill level 5 in Summonings
   831 | D:1      | Reached XP level 2. HP: 5/15 MP: 4/7
   841 | D:1      | Learned a level 2 spell: Call Imp
  2103 | D:2      | Found a blossoming altar of Fedhas.
  2193 | D:2      | Reached XP level 3. HP: 19/19 MP: 5/9
  2200 | D:2      | Learned a level 3 spell: Call Canine Familiar
  2517 | D:2      | Found a sacrificial altar of Ru.
  2681 | D:3      | Reached XP level 4. HP: 20/24 MP: 5/11
  3429 | D:3      | Reached XP level 5. HP: 24/28 MP: 9/13
  3464 | D:3      | Learned a level 4 spell: Summon Ice Beast
  3919 | D:4      | Reached skill level 6 in Summonings
  4133 | D:4      | Found Siref's Weapon Shop.
  4197 | D:4      | HP: 1/28 [orc priest/nerve-wracking pain (10)]
  4213 | D:4      | Killed from afar by an orc priest

Skill      XL: |  1  2  3  4  5 |
---------------+----------------+-----
Summonings     | 5 6 |  6.1
Spellcasting   | 3 4 |  4.9
Dodging        | 3 |  3.6
Fighting       | |  0.2
Armour         | |  0.4
Stealth        | |  2.5

Action                   |  1- 3 |  4- 6 || total
-------------------------+-------+-------++-------
 Cast: Summon Small Mamm |    47 |    16 ||    63
       Call Imp          |    12 |    10 ||    22
       Call Canine Famil |     3 |    15 ||    18
  Use: Scroll            |     2 |       ||     2
       Potion            |       |     5 ||     5
  Eat: Chunk             |     6 |     5 ||    11
Armor: Robe              |     9 |       ||     9
       Leather armour    |    11 |     9 ||    20
Dodge: Dodged            |    35 |    32 ||    67
Block: Buckler           |       |     1 ||     1
